 Dungeon Crawl Stone Soup version 0.21-a0-460-g737a915 (webtiles) character file.

345 qqqbard the Magician (level 6, -1/32 HPs)
             Began as a Deep Elf Ice Elementalist on Nov 20, 2017.
             Was an Initiate of Vehumet.
             Slain by a gnoll
             ... wielding a +0 halberd
              (11 damage)
             ... on level 4 of the Dungeon.
             The game lasted 00:09:04 (2897 turns).

qqqbard the Magician (Deep Elf Ice Elementalist)    Turns: 2897, Time: 00:09:05

Health: -1/32      AC:  2    Str:  5    XL:     6   Next: 32%
Magic:  2/16       EV: 13    Int: 22    God:    Vehumet [......]
Gold:   200        SH:  0    Dex: 15    Spells: 5/15 levels left

rFire    . . .     SeeInvis .   (no weapon)
rCold    . . .     Gourm    .   (no shield)
rNeg     . . .     Faith    .   a - +0 robe
rPois    .         Spirit   .   (no helmet)
rElec    .         Reflect  .   (no cloak)
rCorr    .         Harm     .   (no gloves)
MR       .....                  (no boots)
Stlth    ++........             (no amulet)
HPRegen  0.10/turn              (no ring)
MPRegen  0.15/turn              (no ring)

@: no status effects
A: no striking features
a: Renounce Religion


You were on level 4 of the Dungeon.
You worshipped Vehumet.
Vehumet was noncommittal.
You were not hungry.

You visited 2 branches of the dungeon, and saw 5 of its levels.

You collected 200 gold pieces.

Inventory:

Armour
 a - a +0 robe (worn)
Jewellery
 l - an uncursed ring of protection from fire {unknown}
 u - an uncursed ring of poison resistance {unknown}
 w - a +1 ring of evasion {unknown}
Scrolls
 d - 2 scrolls of teleportation {unknown}
 f - 7 scrolls of identify {unknown}
 h - 2 scrolls of remove curse {unknown}
 o - a scroll of fog {unknown}
 p - a scroll of magic mapping {unknown}
 r - a scroll of random uselessness {unknown}
 s - a scroll of enchant weapon {unknown}
 t - a scroll of enchant armour {unknown}
Potions
 e - a potion of degeneration {unknown}
 i - a potion of cancellation {unknown}
 k - a potion of mutation {unknown}
 m - a potion of lignification {unknown}
 n - a potion of brilliance {unknown}
 v - a potion of berserk rage {unknown}
Books
 b - a book of Frost

   Spells                             Type                      Level
   a - Freeze                         Ice                          1
   b - Throw Frost                    Conjuration/Ice              2
   c - Ozocubu's Armour               Charms/Ice                   3
   d - Throw Icicle                   Conjuration/Ice              4
   e - Summon Ice Beast               Ice/Summoning                4
Comestibles
 c - 4 bread rations
 g - 2 royal jellies
 j - a chunk of flesh
 q - a meat ration


   Skills:
 - Level 2.4 Dodging
 - Level 2.4 Stealth
 + Level 5.4 Spellcasting
 * Level 4.4 Conjurations
 * Level 0.5 Charms
 + Level 5.1 Ice Magic


You had 5 spell levels left.
You knew the following spells:

 Your Spells              Type           Power        Failure   Level  Hunger
a - Freeze                Ice            ####         1%          1    None
b - Throw Frost           Conj/Ice       ####..       1%          2    None
c - Ozocubu's Armour      Chrm/Ice       ###.....     9%          3    ##.....
d - Throw Icicle          Conj/Ice       ####....     13%         4    ####...


Dungeon Overview and Level Annotations

Branches:
Dungeon (4/15)             Temple (1/1) D:4

Altars:
Ashenzari
Cheibriados
Fedhas
Hepliaklqana
Makhleb
Nemelex Xobeh
Qazlal
Sif Muna
Trog
Vehumet
Xom
Yredelemnul
Zin


Message History

Confirm with . or Enter, or press ? or * to list all spells.
Aiming: Throw Frost
Press: ? - help, Shift-Dir - straight line, f - gnoll shaman, p - gnoll
Aim: a gnoll shaman, wielding a whip and wearing a robe The puff of frost hits the gnoll shaman.
The gnoll shaman is moderately wounded.
The gnoll shaman calls upon its god to speed up the gnoll.
The gnoll seems to speed up.
The gnoll shaman calls upon its god to speed up the gnoll.
The gnoll seems to speed up.
The gnoll shaman calls upon its god to speed up the gnoll.
The gnoll seems to speed up.
You see here a chain mail.
The gnoll hits you from afar with a halberd!
Casting: Throw Frost
Confirm with . or Enter, or press ? or * to list all spells.
You can't see any susceptible monsters within range! (Use Z to cast anyway.)
The gnoll hits you from afar with a halberd.
The gnoll hits you from afar with a halberd!
You die...

##...#♣#g...#.###
#######.#.##..# #..[#.###.##
#.#.#.# #..# #.#g#+####.## #+
+ # #.........####.##.
+g.............##.
#.......#.###..##.
#@......#..##..##.
#.#+######........ .⌠
#.........#.......#..##.
.##.##.........+.............
#..#...........#....÷.....##.
##.............#......#.#.##.
...............#......#.#.##.
#.............#......#...##'
##.............#......##.....


You could see 2 gnolls.

Vanquished Creatures
  Sigmund (D:4)
  A worker ant (D:4)
  2 gnolls (D:4)
  6 adders
  2 oozes
  2 worms
  5 dart slugs
  A leopard gecko (D:2)
  4 orcs (D:3)
  6 giant cockroaches
  7 goblins
  7 hobgoblins
  2 quokkas
  8 bats
  A frilled lizard (D:1)
  7 kobolds
  7 rats
69 creatures vanquished.

Notes
Turn   | Place    | Note
-------+----------+-------------------------------------------
     0 | D:1      | qqqbard the Deep Elf Ice Elementalist began the quest for the Orb.
     0 | D:1      | Reached XP level 1. HP: 10/10 MP: 6/6
   265 | D:1      | Reached XP level 2. HP: 14/15 MP: 4/8
  1037 | D:2      | Found a basalt altar of Yredelemnul.
  1061 | D:2      | Learned a level 2 spell: Throw Frost
  1072 | D:2      | Reached XP level 3. HP: 19/19 MP: 3/10
  1669 | D:3      | Reached XP level 4. HP: 21/24 MP: 4/12
  1921 | D:3      | Found a shattered altar of Ashenzari.
  2248 | D:4      | Reached XP level 5. HP: 23/28 MP: 10/14
  2265 | D:4      | Found a staircase to the Ecumenical Temple.
  2270 | Temple   | Entered the Ecumenical Temple
  2399 | Temple   | Became a worshipper of Vehumet
  2646 | D:4      | Noticed Sigmund
  2665 | D:4      | Learned a level 3 spell: Ozocubu's Armour
  2670 | D:4      | Learned a level 4 spell: Throw Icicle
  2711 | D:4      | Killed Sigmund
  2711 | D:4      | Reached skill level 5 in Spellcasting
  2711 | D:4      | Reached skill level 5 in Ice Magic
  2711 | D:4      | Reached XP level 6. HP: 32/32 MP: 2/16
  2897 | D:4      | Slain by a gnoll

Vault maps used:
D:1:      mrwooster_arrival_statue_2, serial_forest, infiniplex_forest_corner_1,
          infiniplex_forest_straight_3, infiniplex_forest_straight_4,
          infiniplex_forest_clump_tiny
D:2:      lemuel_crystal_altar
D:3:      nicolae_ashenzari_panopticon
D:4:      temple_doors_e, first_bread, grunt_decor_one_mirror,
          kennysheep_decorative_pillar, cheibriados_altar_1, uniq_sigmund
Temple:   minmay_temple_curvy_loop

Skill      XL: |  1  2  3  4  5 |
---------------+----------------+-----
Spellcasting   | 4 5 |  5.4
Ice Magic      | 4 5 |  5.1
Conjurations   | 2 3 4 |  4.4
Dodging        | |  2.4
Stealth        | |  2.4
Charms         | |  0.5

Action                   |  1- 3 |  4- 6 || total
-------------------------+-------+-------++-------
Melee: Unarmed           |    16 |    11 ||    27
 Cast: Freeze            |    37 |    33 ||    70
       Throw Frost       |    24 |    32 ||    56
       Throw Icicle      |       |     3 ||     3
       Ozocubu's Armour  |       |     1 ||     1
  Use: Potion            |       |     2 ||     2
  Eat: Chunk             |     3 |     4 ||     7
Armor: Robe              |    10 |    13 ||    23
Dodge: Dodged            |    30 |    38 ||    68

Table legend:
 A = Spawn XP
 B = Non-spawn XP
 C = Spawn XP percentage of total XP
 D = Spawn monster count
 E = Non-spawn monster count
 F = Spawn count percentage of total count
 G = Total turns spent on level
                    A         B        C        D         E        F      G
               +---------+---------+-------+---------+---------+-------+---------
         Total |       0 |     493 |   0.0 |       0 |      69 |   0.0 |  2897
               +---------+---------+-------+---------+---------+-------+---------
           D:1 |       0 |      33 |   0.0 |       0 |      19 |   0.0 |   987
           D:2 |       0 |      57 |   0.0 |       0 |      19 |   0.0 |   673
           D:3 |       0 |      78 |   0.0 |       0 |      23 |   0.0 |   585
           D:4 |       0 |     325 |   0.0 |       0 |       8 |   0.0 |   435
               +---------+---------+-------+---------+---------+-------+---------
